 Dungeon Crawl Stone Soup version bcrawl-1.36.4 (webtiles) character file.

Game seed: 4753905718544336944

159573 BreqofToren the Cudgeler (level 5, -4/47 HPs)
             Began as a Minotaur Fighter on July 13, 2022.
             Killed by divine providence
             ... invoked by an orc priest
              (10 damage)
             ... on level 3 of the Dungeon.
             The game lasted 00:07:19 (2917 turns).

BreqofToren the Cudgeler (Minotaur Fighter)         Turns: 2917, Time: 00:07:19

Health: -4/47      AC:  9    Str: 20    XL:     5   Next: 82%
Magic:  4/4        EV:  9    Int:  5    God:
Gold:   253        SH:  9    Dex: 11    Spells: 4/4 levels left

rFire    . . .     SeeInvis .   t - +0 morningstar (holy)
rCold    . . .     Gourm    .   c - +0 medium shield
rNeg     . . .     Faith    .   n - +0 chain mail
rPois    .         Spirit   .   (helmet restricted)
rElec    .         Reflect  .   (no cloak)
rCorr    .                      (no gloves)
MR       .....                  (no boots)
Stlth    ..........             (no amulet)
HPRegen  0.15/turn              l - +5 ring of evasion (curse)
MPRegen  0.09/turn              (no ring)

@: no status effects
A: retaliatory headbutt, horns 2
a: no special abilities


You were on level 3 of the Dungeon.
You were not hungry.

You visited 1 branch of the dungeon, and saw 3 of its levels.
You also visited: Sewer.

You collected 253 gold pieces.

Inventory:

Hand Weapons
 a - a +1 flail
 t - a +0 morningstar of holy wrath (weapon)
Armour
 b - a +0 scale mail
 c - a +0 medium shield (worn)
 n - a +0 chain mail (worn)
 r - a +0 pair of gloves
Jewellery
 l - a cursed +5 ring of evasion (left hand)
 u - an uncursed ring of magical power {unknown}
Scrolls
 d - a scroll of enchant armour {unknown}
 h - a scroll of remove curse {unknown}
 i - 3 scrolls of identify
 k - 2 scrolls of teleportation
 p - a scroll of magic mapping {unknown}
 q - a scroll of blinking
 s - a scroll of immolation {unknown}
Potions
 f - a potion of brilliance {unknown}
 g - 2 potions of curing
 j - 2 potions of lignification {unknown}
 m - a potion of degeneration {unknown}
 o - a potion of resistance {unknown}
Comestibles
 e - 7 rations {!d}


   Skills:
 + Level 4.6 Fighting
 * Level 4.7 Maces & Flails
 + Level 4.6 Armour
 + Level 2.2 Dodging
 + Level 4.5 Shields


You had 4 spell levels left.
You didn't know any spells.
Your spell library contained the following spells:

 Spells                   Type           Power        Failure   Level  Hunger
 Shock                    Conj/Air       #....        100%        1    None
 Swiftness                Chrm/Air       #.......     100%        2    ####...
 Static Discharge         Air            #.......     100%        3    #####..
 Airstrike                Air            #.........   100%        4    ######.
 Lightning Bolt           Conj/Air       #.........   100%        5    #######


Dungeon Overview and Level Annotations

Branches:
Dungeon (3/12)

Altars:


Innate Abilities, Weirdness & Mutations

You reflexively headbutt those who attack you in melee.
You have a pair of horns on your head.


Message History

The orc priest invokes the aid of Beogh against you.
Beogh smites you!
You hit the orc priest but do no damage.
You headbutt the orc priest, but do no damage.
The orc priest is severely wounded.
You block the orc priest's attack.
You barely miss the orc priest.
The orc priest is severely wounded.
The orc priest mumbles some strange prayers to Beogh against you.
Pain shoots through your body!
* * * LOW HITPOINT WARNING * * *
You hit the orc priest but do no damage.
The orc priest is severely wounded.
You block the orc priest's attack.
Your shield and chain mail prevent you from hitting the orc priest.
Your headbutt misses the orc priest.
The orc priest is severely wounded.
The orc priest calls down the wrath of Beogh upon you.
Beogh smites you!
You die...

......(.# #.#
#.# ######
........# #.#
.. # ........#
#.# #
######### #.#
# #.# # #.# #
#.# #
#.############
#
#.....@o......
#
##############
#
#############
#............
#.###########
#.###########
#...........<
#.###########
###


You could see an orc priest.

Vanquished Creatures
  A bullfrog (Sewer)
  6 adders
  2 river rats (D:3)
  2 worms
  A dart slug (D:1)
  4 leopard geckos
  6 orcs
  2 bats
  8 giant cockroaches
  9 goblins
  5 hobgoblins
  8 kobolds
  2 quokkas (D:2)
  7 ball pythons
  12 frilled lizards
  8 rats
83 creatures vanquished.

Notes
Turn   | Place    | Note
-------+----------+-------------------------------------------
     0 | D:1      | BreqofToren the Minotaur Fighter began the quest for the
                  | Orb.
     0 | D:1      | Reached XP level 1. HP: 19/19 MP: 0/0
   167 | D:1      | Reached XP level 2. HP: 24/27 MP: 1/1
   721 | D:2      | Reached skill level 1 in Dodging
   948 | D:2      | Reached XP level 3. HP: 33/33 MP: 2/2
  1619 | D:3      | Found a glowing drain.
  1637 | D:3      | Reached XP level 4. HP: 37/40 MP: 3/3
  1649 | Sewer    | Entered a sewer
  1889 | Sewer    | Noticed a bullfrog
  1898 | Sewer    | Killed a bullfrog
  1899 | Sewer    | Reached XP level 5. HP: 14/47 MP: 4/4
  2917 | D:3      | Killed from afar by an orc priest

Skill      XL: |  1  2  3  4 |
---------------+-------------+-----
Maces & Flails | 3 4 |  4.7
Dodging        | 1 2 |  2.2
Armour         | 4 |  4.6
Fighting       | 4 |  4.6
Shields        | 4 |  4.5

Action                   |  1- 3 |  4- 6 || total
-------------------------+-------+-------++-------
Melee: Flail             |   101 |   102 ||   203
       Headbutt          |     9 |    21 ||    30
       Morningstar       |       |    15 ||    15
  Use: Scroll            |     5 |       ||     5
       Potion            |     1 |       ||     1
  Eat: Chunk             |     5 |     6 ||    11
       Ration            |       |     1 ||     1
Armor: Scale mail        |    37 |       ||    37
       Chain mail        |       |    48 ||    48
Dodge: Dodged            |    16 |    41 ||    57
Block: Medium shield     |    44 |    54 ||    98
